3L
KINGSTON TOWNSHIP KNIGHTS @ SEATTLE ROCKETEERS
05/18/2040
 
TOP OF THE 1ST
Kingston Township Knights batting - Pitching for Seattle Rocketeers : RHP Iván Vázquez
Pitching: RHP Iván Vázquez
Batting: LHB Tony Goodwin 0-0: Swinging Strike
0-1: Ball
1-1: Ball
2-1: Ground out 1-3 (Groundball, 13, EV 88.8 MPH)
Batting: RHB Takenao Wakabayashi 0-0: Called Strike
0-1: Ball
1-1: Ball
2-1: Fly out, F8 (Flyball, 8LXD, EV 100.0 MPH)
Batting: RHB Daniel McCoy 0-0: Ball
1-0: Foul Ball, location: 2F
1-1: Fly out, F8 (Flyball, 8RS, EV 89.4 MPH)
Top of the 1st over - 0 runs, 0 hits, 0 errors, 0 left on base; Kingston Township 0 - Seattle 0
BOTTOM OF THE 1ST
Seattle Rocketeers batting - Pitching for Kingston Township Knights : RHP Currito Fonseca
Pitching: RHP Currito Fonseca
Batting: RHB Jurgen Flurgenburgen 0-0: Ground out 4-3 (Groundball, 4M, EV 89.4 MPH)
Batting: SHB Charles Geudre 0-0: Ground out U3 (Groundball, 3, EV 102.5 MPH)
Batting: RHB Alain Grosjean 0-0: Called Strike
0-1: SINGLE (Flyball, 7S, EV 90.6 MPH)
Batting: SHB Shun Komatsu 0-0: Called Strike
0-1: Ball
1-1: Foul Ball, location: 2F
1-2: Ball
2-2: Fly out, F7 (Flyball, 7LS, EV 93.1 MPH)
Bottom of the 1st over - 0 runs, 1 hit, 0 errors, 1 left on base; Kingston Township 0 - Seattle 0
TOP OF THE 2ND
Kingston Township Knights batting - Pitching for Seattle Rocketeers : RHP Iván Vázquez
Batting: LHB Ed Mellor 0-0: Called Strike
0-1: Swinging Strike
0-2: Foul Ball, location: 2F
0-2: Ball
1-2: Ball
2-2: Strikes out swinging
Batting: RHB Holden Ford 0-0: Ball
1-0: Foul Ball, location: 2F
1-1: SINGLE (Groundball, 6MD, EV 100.0 MPH)
Batting: RHB Jorge Ozezera 0-0: Called Strike
0-1: Swinging Strike
0-2: Fly out, F7 (Flyball, 7S, EV 88.8 MPH)
Batting: RHB Scott Robertson 0-0: Ball
1-0: Ball
2-0: Ball
3-0: Called Strike
3-1: Foul Ball, location: 2F
3-2: Base on Balls
Holden Ford to second
Batting: RHB Glenn Curtis 0-0: Foul Ball, location: 2F
0-1: Ball
1-1: Foul Ball, location: 2F
1-2: Strikes out swinging
Top of the 2nd over - 0 runs, 1 hit, 0 errors, 2 left on base; Kingston Township 0 - Seattle 0
BOTTOM OF THE 2ND
Seattle Rocketeers batting - Pitching for Kingston Township Knights : RHP Currito Fonseca
Batting: RHB Meester Gobbles-Rooster 0-0: Fly out, F3 (Popup, 34, EV 55.0 MPH)
Batting: RHB Yaakov Shmerkin 0-0: Swinging Strike
0-1: Ball
1-1: Ball
2-1: SINGLE (Flyball, 89M, EV 97.5 MPH)
Batting: RHB Fu-Kang Cuan 0-0: Ball
1-0: Swinging Strike
1-1: Foul Ball, location: 2F
1-2: Ball
2-2: Ball
3-2: Base on Balls
Yaakov Shmerkin to second
Batting: SHB Glyn Bolasky 0-0: Ball
1-0: Ball
2-0: Ball
3-0: Base on Balls
Yaakov Shmerkin to third
Fu-Kang Cuan to second
Batting: RHB Kasper Schuilenberg 0-0: Called Strike
0-1: Fly out, F8 (Flyball, 89S, EV 85.0 MPH)
Batting: RHB Jurgen Flurgenburgen 0-0: Ball
1-0: SINGLE (Line Drive, 56, EV 96.2 MPH)
Yaakov Shmerkin scores
Fu-Kang Cuan to third
Glyn Bolasky to second
Runner from 3rd tries for Home, SAFE, throw by LF to home
Batting: SHB Charles Geudre 0-0: Called Strike
0-1: Ball
1-1: DOUBLE (Flyball, 89XD, EV 107.5 MPH)
Glyn Bolasky scores
Jurgen Flurgenburgen to third
Runner from 3rd tries for Home, SAFE, no throw by RF
Batting: RHB Alain Grosjean 0-0: Ball
1-0: Ball
2-0: Ball
3-0: Called Strike
3-1: Fly out, F8 (Flyball, 8LM, EV 83.1 MPH)
Bottom of the 2nd over - 4 runs, 3 hits, 0 errors, 1 left on base; Kingston Township 0 - Seattle 4
TOP OF THE 3RD
Kingston Township Knights batting - Pitching for Seattle Rocketeers : RHP Iván Vázquez
Batting: RHB Khal Drogo 0-0: Swinging Strike
0-1: Ball
1-1: Fly out, F9 (Flyball, 9S, EV 92.5 MPH)
Batting: LHB Tony Goodwin 0-0: Ball
1-0: Called Strike
1-1: Ball
2-1: DOUBLE (Line Drive, 78D, EV 102.5 MPH)
Batting: RHB Takenao Wakabayashi 0-0: Ball
1-0: Called Strike
1-1: SINGLE (Line Drive, 89S, EV 101.9 MPH)
Tony Goodwin to third
Runner from 3rd tries for Home, SAFE, no throw by RF
Batting: RHB Daniel McCoy 0-0: Ball
1-0: Ball
2-0: Ball
3-0: Base on Balls
Takenao Wakabayashi to second
Batting: LHB Ed Mellor 0-0: Ball
1-0: Foul Ball, location: 2F
1-1: Swinging Strike
1-2: Foul Ball, location: 2F
1-2: Strikes out swinging
Batting: RHB Holden Ford 0-0: Called Strike
0-1: Called Strike
0-2: Fly out, F6 (Popup, P, EV 83.1 MPH)
Top of the 3rd over - 1 run, 2 hits, 0 errors, 2 left on base; Kingston Township 1 - Seattle 4
BOTTOM OF THE 3RD
Seattle Rocketeers batting - Pitching for Kingston Township Knights : RHP Currito Fonseca
Batting: SHB Shun Komatsu 0-0: Called Strike
0-1: Ball
1-1: Ball
2-1: Foul Ball, location: 2F
2-2: Ball
3-2: Strikes out swinging
Batting: RHB Meester Gobbles-Rooster 0-0: Ball
1-0: Ball
2-0: Ball
3-0: Called Strike
3-1: Foul Ball, location: 2F
3-2: Foul Ball, location: 2F
3-2: Foul Ball, location: 2F
3-2: SOLO HOME RUN (Flyball, 7D, EV 98.1 MPH), Distance : 344 ft
Batting: RHB Yaakov Shmerkin 0-0: Fly out, F8 (Flyball, 8LXD, EV 101.9 MPH)
Batting: RHB Fu-Kang Cuan 0-0: Ball
1-0: Called Strike
1-1: Called Strike
1-2: Foul Ball, location: 2F
1-2: Fly out, F8 (Flyball, 8RS, EV 94.4 MPH)
Bottom of the 3rd over - 1 run, 1 hit, 0 errors, 0 left on base; Kingston Township 1 - Seattle 5
TOP OF THE 4TH
Kingston Township Knights batting - Pitching for Seattle Rocketeers : RHP Iván Vázquez
Batting: RHB Jorge Ozezera 0-0: Swinging Strike
0-1: Swinging Strike
0-2: Strikes out swinging
Batting: RHB Scott Robertson 0-0: Ball
1-0: Ball
2-0: Ball
3-0: Called Strike
3-1: Fly out, F7 (Flyball, 7S, EV 86.2 MPH)
Batting: RHB Glenn Curtis 0-0: Called Strike
0-1: Swinging Strike
0-2: Strikes out looking
Top of the 4th over - 0 runs, 0 hits, 0 errors, 0 left on base; Kingston Township 1 - Seattle 5
BOTTOM OF THE 4TH
Seattle Rocketeers batting - Pitching for Kingston Township Knights : RHP Currito Fonseca
Batting: SHB Glyn Bolasky 0-0: Called Strike
0-1: Called Strike
0-2: Ball
1-2: Foul Ball, location: 2F
1-2: Ball
2-2: Ball
3-2: Base on Balls
Batting: RHB Kasper Schuilenberg 0-0: SINGLE (Line Drive, 7, EV 98.8 MPH)
Glyn Bolasky to second
Batting: RHB Jurgen Flurgenburgen 0-0: Fly out, F8 (Flyball, 8RS, EV 87.5 MPH)
Batting: SHB Charles Geudre 0-0: Called Strike
0-1: Ball
1-1: Foul Ball, location: 2F
1-2: Strikes out swinging
Batting: RHB Alain Grosjean 0-0: Called Strike
0-1: Ball
1-1: Ball
2-1: Fly out, F8 (Flyball, 78XD, EV 100.6 MPH)
Bottom of the 4th over - 0 runs, 1 hit, 0 errors, 2 left on base; Kingston Township 1 - Seattle 5
TOP OF THE 5TH
Kingston Township Knights batting - Pitching for Seattle Rocketeers : RHP Iván Vázquez
Batting: RHB Khal Drogo 0-0: Ball
1-0: DOUBLE (Line Drive, 5D, EV 96.9 MPH)
Batting: LHB Tony Goodwin 0-0: Called Strike
0-1: Foul Ball, location: 2F
0-2: Strikes out swinging
Batting: RHB Takenao Wakabayashi 0-0: Fly out, F9 (Line Drive, 9, EV 90.6 MPH)
Runner from 2nd tags up, SAFE at 3rd with throw by RF
Batting: RHB Daniel McCoy 0-0: Called Strike
0-1: Ball
1-1: Foul Ball, location: 2F
1-2: Ball
2-2: Ground out 5-3 (Groundball, 56, EV 107.5 MPH)
Top of the 5th over - 0 runs, 1 hit, 0 errors, 1 left on base; Kingston Township 1 - Seattle 5
BOTTOM OF THE 5TH
Seattle Rocketeers batting - Pitching for Kingston Township Knights : RHP Currito Fonseca
Batting: SHB Shun Komatsu 0-0: Fly out, F8 (Flyball, 89M, EV 85.6 MPH)
Batting: RHB Meester Gobbles-Rooster 0-0: Ball
1-0: SINGLE (Line Drive, 34D, EV 95.6 MPH)
Batting: RHB Yaakov Shmerkin 0-0: Ball
1-0: Called Strike
1-1: Called Strike
1-2: Foul Ball, location: 2F
1-2: Fielders Choice at 2nd, 6-4 (Groundball, 6, EV 90.6 MPH)
Batting: RHB Fu-Kang Cuan 0-0: Foul Ball, location: 2F
0-1: Foul Ball, location: 2F
0-2: Ball
1-2: Foul Ball, location: 2F
1-2: Ball
2-2: Fly out, F8 (Flyball, 8LD, EV 105.6 MPH)
Bottom of the 5th over - 0 runs, 1 hit, 0 errors, 1 left on base; Kingston Township 1 - Seattle 5
TOP OF THE 6TH
Kingston Township Knights batting - Pitching for Seattle Rocketeers : RHP Iván Vázquez
Batting: LHB Ed Mellor 0-0: Ball
1-0: Ball
2-0: Ball
3-0: Base on Balls
Batting: RHB Holden Ford 0-0: Called Strike
0-1: Foul Ball, location: 2F
0-2: Foul Ball, location: 2F
0-2: Fly out, F8 (Flyball, 8RS, EV 93.8 MPH)
Batting: RHB Jorge Ozezera 0-0: Called Strike
0-1: Ground out 6-3 (Groundball, 6, EV 102.5 MPH)
Ed Mellor to second
Batting: RHB Scott Robertson 0-0: Called Strike
0-1: Swinging Strike
0-2: Foul Ball, location: 2F
0-2: Ball
1-2: Ball
2-2: Strikes out swinging
Top of the 6th over - 0 runs, 0 hits, 0 errors, 1 left on base; Kingston Township 1 - Seattle 5
BOTTOM OF THE 6TH
Seattle Rocketeers batting - Pitching for Kingston Township Knights : RHP Currito Fonseca
Batting: SHB Glyn Bolasky 0-0: Swinging Strike
0-1: Ball
1-1: Foul Ball, location: 2F
1-2: Foul Ball, location: 2F
1-2: Foul Ball, location: 2F
1-2: Strikes out swinging
Batting: RHB Kasper Schuilenberg 0-0: Swinging Strike
0-1: Ball
1-1: Ball
2-1: Ball
3-1: Swinging Strike
3-2: Strikes out swinging
Batting: RHB Jurgen Flurgenburgen 0-0: Foul Ball, location: 2F
0-1: Ball
1-1: Ground out 6-3 (Groundball, 6S, EV 88.1 MPH)
Bottom of the 6th over - 0 runs, 0 hits, 0 errors, 0 left on base; Kingston Township 1 - Seattle 5
TOP OF THE 7TH
Kingston Township Knights batting - Pitching for Seattle Rocketeers : RHP Iván Vázquez
Batting: RHB Glenn Curtis 0-0: Ball
1-0: Ball
2-0: DOUBLE (Line Drive, 8RD, EV 106.9 MPH)
Batting: RHB Khal Drogo 0-0: Called Strike
0-1: Ball
1-1: Ball
2-1: Ball
3-1: Ground out 5-3 (Groundball, 56S, EV 91.9 MPH)
Pitching: LHP Dale Hamilton
Batting: LHB Tony Goodwin 0-0: Called Strike
0-1: Ball
1-1: Ground out 6-3 (Groundball, 6, EV 90.6 MPH)
Glenn Curtis to third
Batting: RHB Takenao Wakabayashi 0-0: Ball
1-0: Foul Ball, location: 2F
1-1: Foul Ball, location: 2F
1-2: Ball
2-2: Ground out 5-3 (Groundball, 5, EV 108.1 MPH)
Top of the 7th over - 0 runs, 1 hit, 0 errors, 1 left on base; Kingston Township 1 - Seattle 5
BOTTOM OF THE 7TH
Seattle Rocketeers batting - Pitching for Kingston Township Knights : RHP Currito Fonseca
Batting: SHB Charles Geudre 0-0: Called Strike
0-1: Ball
1-1: Fly out, F7 (Flyball, 78S, EV 86.2 MPH)
Batting: RHB Alain Grosjean 0-0: Ball
1-0: Ball
2-0: Foul Ball, location: 2F
2-1: Swinging Strike
2-2: DOUBLE (Line Drive, 7LM, EV 108.1 MPH)
Pitching: LHP David Blake
Batting: SHB Shun Komatsu 0-0: Called Strike
0-1: Ball
1-1: Ground out 6-3 (Groundball, 6, EV 89.4 MPH)
Batting: RHB Meester Gobbles-Rooster 0-0: Fly out, F8 (Flyball, 8RS, EV 90.0 MPH)
Bottom of the 7th over - 0 runs, 1 hit, 0 errors, 1 left on base; Kingston Township 1 - Seattle 5
TOP OF THE 8TH
Kingston Township Knights batting - Pitching for Seattle Rocketeers : LHP Dale Hamilton
Batting: RHB Daniel McCoy 0-0: Ball
1-0: SINGLE (Groundball, 6MD, EV 94.4 MPH)
Batting: LHB Ed Mellor 0-0: Called Strike
0-1: Foul Ball, location: 2F
0-2: Ball
1-2: Fly out, F8 (Line Drive, 8RD, EV 88.1 MPH)
Batting: RHB Holden Ford 0-0: Ball
1-0: Ball
2-0: Called Strike
2-1: Grounds into double play, 1-6-3 (Groundball, 34S, EV 69.4 MPH)
Top of the 8th over - 0 runs, 1 hit, 0 errors, 0 left on base; Kingston Township 1 - Seattle 5
BOTTOM OF THE 8TH
Seattle Rocketeers batting - Pitching for Kingston Township Knights : LHP David Blake
Batting: RHB Yaakov Shmerkin 0-0: Ball
1-0: Ball
2-0: Called Strike
2-1: Ball
3-1: Swinging Strike
3-2: Strikes out swinging
Batting: RHB Fu-Kang Cuan 0-0: Fly out, F8 (Flyball, 8LM, EV 90.6 MPH)
Batting: SHB Glyn Bolasky 0-0: Called Strike
0-1: Swinging Strike
0-2: Foul Ball, location: 2F
0-2: Strikes out swinging
Bottom of the 8th over - 0 runs, 0 hits, 0 errors, 0 left on base; Kingston Township 1 - Seattle 5
TOP OF THE 9TH
Kingston Township Knights batting - Pitching for Seattle Rocketeers : LHP Dale Hamilton
Batting: RHB Jorge Ozezera 0-0: Called Strike
0-1: Called Strike
0-2: Ground out 6-3 (Groundball, 6, EV 85.0 MPH)
Batting: RHB Scott Robertson 0-0: Ground out 1-3 (Groundball, 13S, EV 72.5 MPH)
Batting: RHB Glenn Curtis 0-0: Ball
1-0: Ball
2-0: Ground out 4-3 (Groundball, 4, EV 99.4 MPH)
Top of the 9th over - 0 runs, 0 hits, 0 errors, 0 left on base; Kingston Township 1 - Seattle 5
Friday, October 2nd, 2020 - OOTP Baseball 20.8 Build 74